 Dungeon Crawl Stone Soup version 0.28.0-43-g3370ac3207 (webtiles) character file.

Game seed: 17336629288711518546

405 zeram the Covered (level 6, -3/39 HPs)
             Began as a Gargoyle Fighter on Mar 6, 2022.
             Slain by a kobold brigand
             ... wielding a +0 short sword
              (8 damage)
             ... on level 3 of the Dungeon.
             The game lasted 00:04:04 (2575 turns).

zeram the Covered (Gargoyle Fighter)                Turns: 2575, Time: 00:04:05

Health: -3/39      AC: 13    Str: 21    XL:     6   Next: 87%
Magic:  6/6        EV:  9    Int:  9    God:
Gold:   106        SH:  4    Dex:  9    Spells: 5/5 levels left

rFire   . . .      SeeInvis .   j - +9 short sword "Oxkoesek" {vorpal, rPois rN+}
rCold   . . .      Faith    .   c - +0 buckler
rNeg    + + .      Spirit   .   b - +0 scale mail
rPois   ∞          Reflect  .   k - +0 helmet
rElec   +          Harm     .   (no cloak)
rCorr   .          Rampage  .   (no gloves)
Will    .....                   (no boots)
Stlth   ..........              (no amulet)
HPRegen 0.13/turn               (no ring)
MPRegen 0.10/turn               (no ring)

@: mighty
A: sickness immunity, AC +4, negative energy resistance 1, electricity
resistance, torment resistance 1, petrification resistance
a: no special abilities


You were on level 3 of the Dungeon.
You visited 1 branch of the dungeon, and saw 3 of its levels.

You collected 106 gold pieces.

Inventory:

Hand Weapons
 a - a +0 trident
 e - a +0 club
 j - the +9 short sword "Oxkoesek" (weapon) {vorpal, rPois rN+}
   (You found it on level 2 of the Dungeon)

   It inflicts extra damage upon your enemies.
   rPois:     It protects you from poison.
   rN:        It protects you from negative energy.
Armour
 b - a +0 scale mail (worn)
 c - a +0 buckler (worn)
 k - a +0 helmet (worn)
Jewellery
 g - a ring of protection from fire
 i - a ring of protection from cold


   Skills:
 + Level 4.5 Fighting
 + Level 3.6 Polearms
 + Level 5.1 Armour
 + Level 1.5 Dodging
 + Level 4.4 Shields


You had 5 spell levels left.
You didn't know any spells.
Your spell library was empty.

Dungeon Overview and Level Annotations

Branches:
Dungeon (3/15)

Altars:

Shops:
D:3 *


Innate Abilities, Weirdness & Mutations

You are immune to sickness and miasma.
Your stone body is resilient. (AC +4)
You are immune to poison.
You resist negative energy. (rN+)
You are resistant to electric shocks. (rElec)
You are resistant to unholy torment.
You are immune to petrification.


Message History

The kobold brigand closely misses you. The orc hits you but does no damage.
The gnoll hits you from afar with a +0 spear.
You hit the kobold brigand.
The kobold brigand is almost dead.
The kobold brigand hits you but does no damage.
The orc hits you but does no damage. The gnoll hits you but does no damage.
The kobold brigand hits you with a +0 short sword.
* * * LOW HITPOINT WARNING * * *
You closely miss the kobold brigand.
The kobold brigand is almost dead.
You block the orc's attack. The gnoll closely misses you.
The kobold brigand hits you with a +0 short sword.
* * * LOW HITPOINT WARNING * * *
You see here a +0 spear.
You see here a +0 hand axe.
The kobold brigand throws a curare-tipped dart.
The curare-tipped dart hits you.
The kobold brigand drinks a potion.
The kobold brigand is healed!
You feel very mighty all of a sudden. The orc hits you but does no damage.
The gnoll hits you but does no damage.
You puncture the orc!
You kill the orc!
The gnoll hits you from afar with a +0 spear.
* * * LOW HITPOINT WARNING * * *
The gnoll hits you but does no damage.
You see here a +0 club.
You barely miss the gnoll. The gnoll hits you with a +0 spear.
* * * LOW HITPOINT WARNING * * *
The kobold brigand throws a curare-tipped dart.
The curare-tipped dart hits you.
You puncture the gnoll!
The gnoll is almost dead.
The gnoll barely misses you.
You puncture the gnoll!
You kill the gnoll!
The kobold brigand hits you but does no damage.
You hit the kobold brigand.
The kobold brigand is severely wounded.
The kobold brigand hits you with a +0 short sword!
You die...

#......# . #......##... .#
†........... .# #).....##.#. .##
#.....>..... ..# #..........###
..# #............# ..####.
#..)...#..##.#####.......
#......#...#...K@..#
#..............)####
####'#..........# #)#..........#
####............#################
............)....................
≈≈≈≈≈≈...)))≈≈≈≈))≈≈≈≈≈≈≈≈≈≈≈...P
≈≈≈≈≈≈...)≈≈≈≈≈≈≈≈≈≈≈≈≈≈≈≈≈≈≈....
≈≈≈≈≈≈....≈≈≈≈≈≈≈≈≈≈≈≈#####≈≈....


You could see a kobold brigand.

Vanquished Creatures
  A howler monkey (D:3)
  An orc priest (D:3)
  A gnoll shaman (D:3)
  3 hounds (D:3)
  2 orc wizards (D:3)
  6 gnolls
  3 adders
  2 worms
  A dart slug (D:1)
  7 orcs (D:3)
  3 endoplasms (D:2)
  2 giant cockroaches (D:2)
  5 hobgoblins
  15 jackals
  2 quokkas
  4 ball pythons
  3 bats
  3 frilled lizards
  6 goblins
  5 kobolds
  5 rats
80 creatures vanquished.

Vanquished Creatures (others)
  A plant (D:3)
1 creature vanquished.

Grand Total: 81 creatures vanquished

Notes
Turn   | Place    | Note
-------+----------+-------------------------------------------
     0 | D:1      | zeram the Gargoyle Fighter began the quest for the Orb.
     0 | D:1      | Reached XP level 1. HP: 14/14 MP: 1/1
   200 | D:1      | Reached XP level 2. HP: 11/19 MP: 2/2
   753 | D:1      | Found a faded altar of an unknown god.
   863 | D:1      | Reached XP level 3. HP: 15/23 MP: 3/3
  1227 | D:2      | Reached XP level 4. HP: 28/28 MP: 4/4
  1334 | D:2      | Identified the +9 short sword "Oxkoesek" {vorpal, rPois
                  | rN+}
  1478 | D:2      | Reached skill level 4 in Armour
  1964 | D:3      | Found Aqopla's Assorted Antiques.
  2029 | D:3      | Reached XP level 5. HP: 15/33 MP: 5/5
  2316 | D:3      | Reached skill level 1 in Dodging
  2316 | D:3      | Reached XP level 6. HP: 34/38 MP: 6/6
  2496 | D:3      | Reached skill level 5 in Armour
  2575 | D:3      | Slain by a kobold brigand

Illustrated notes

Levels and vault maps discovered:
D:1:      amcnicky_arrival_underground_garden, layout_basic,
          dreamdust_ecumenical_altar_hidden_monk_grotto, minmay_split_cup_small
D:2:      layout_basic, eino_curves_01
D:3:      lemuel_castle_with_subvaults [lemuel_castle_interior_carwin_1],
          layout_basic, serial_shops, shop, uniq_jessica

Skill      XL: |  1  2  3  4  5  6 |
---------------+-------------------+-----
Polearms       | 2 3 |  3.6
Armour         | 4 5 |  5.1
Shields        | 4 |  4.4
Fighting       | 4 |  4.5
Dodging        | 1 |  1.5

Action                   |  1- 3 |  4- 6 || total
-------------------------+-------+-------++-------
Melee: Trident           |    87 |     5 ||    92
       Short sword       |       |   121 ||   121
  Use: Scroll            |     2 |     2 ||     4
       Potion            |       |     3 ||     3
Armor: Scale mail        |    41 |    93 ||   134
Dodge: Dodged            |    33 |    61 ||    94
Block: Buckler           |    17 |    28 ||    45
